 Dungeon Crawl Stone Soup version 0.27.0-1-g7a089689b8 (webtiles) character file.

Game seed: 14381802072394582229

3015 Migumi the Grappler (level 9, -1/85 HPs)
             Began as a Troll Monk on Aug 7, 2021.
             Was a High Priest of Nemelex Xobeh.
             Slain by a gnoll sergeant (11 damage)
             ... in a bailey.
             The game lasted 00:23:22 (5902 turns).

Migumi the Grappler (Troll Monk)                    Turns: 5902, Time: 00:23:24

Health: -1/85      AC:  5    Str: 24    XL:     9   Next: 55%
Magic:  8/8        EV: 11    Int:  6    God:    Nemelex Xobeh [*****.]
Gold:   445        SH:  0    Dex: 12    Spells: 8/8 levels left

rFire    . . .     SeeInvis .     - Unarmed
rCold    . . .     Faith    .   (no shield)
rNeg     . . .     Spirit   .   a - +0 robe
rPois    .         Reflect  .   s - +0 hat
rElec    .         Harm     .   v - +0 cloak
rCorr    .         Rampage  .   (gloves unavailable)
Will     .....                  (boots unavailable)
Stlth    ++........             (no amulet)
HPRegen  1.24/turn              (no ring)
MPRegen  0.11/turn              (no ring)

@: no status effects
A: large, unfitting armour, claws 3, regeneration 1, shaggy fur 1, tough skin 1
a: Renounce Religion, Draw Escape, Draw Destruction, Draw Summoning, Triple
Draw, Deal Four, Stack Five


You were in a bailey.
You worshipped Nemelex Xobeh.
Nemelex Xobeh was extremely pleased with you.
You visited 2 branches of the dungeon, and saw 8 of its levels.
You also visited: Sewer and Bailey.

You collected 445 gold pieces.

Inventory:

Missiles
 l - 3 large rocks (quivered)
 B - 4 throwing nets
Armour
 a - a +0 robe (worn)
 s - a +0 hat (worn)
 v - a +0 cloak (worn)
Jewellery
 A - a ring of wizardry
Wands
 g - a wand of polymorph (11)
 z - a wand of paralysis (12)
Scrolls
 b - 4 scrolls of teleportation {unknown}
 d - 2 scrolls of blinking {unknown}
 e - 8 scrolls of identify {unknown}
 h - 2 scrolls of immolation {unknown}
 i - a scroll of torment {unknown}
 n - a scroll of fog {unknown}
 t - a scroll of summoning {unknown}
 x - a scroll of amnesia {unknown}
 y - a scroll of noise {unknown}
Potions
 c - 3 potions of brilliance {unknown}
 f - 2 potions of curing {unknown}
 j - a potion of heal wounds {unknown}
 k - a potion of cancellation {unknown}
 m - 2 potions of might {unknown}
 o - a potion of invisibility {unknown}
 p - a potion of flight {unknown}
 q - a potion of lignification {unknown}
 r - a potion of resistance {unknown}
 u - a potion of experience {unknown}
 w - a potion of mutation {unknown}


   Skills:
 + Level 4.3 Fighting
 + Level 5.2 Dodging
 + Level 3.1 Stealth
 + Level 10.6 Unarmed Combat


You had 8 spell levels left.
You didn't know any spells.
Your spell library was empty.

Dungeon Overview and Level Annotations

Branches:
Dungeon (7/15)             Temple (1/1) D:4           Sewer (visited)
 Bailey (1/1)

Altars:
Cheibriados
Elyvilon
Fedhas
Gozag
Hepliaklqana
Makhleb
Nemelex Xobeh
Okawaru
Ru
Sif Muna
Trog
Vehumet
Wu Jian
Xom
Zin
The Shining One

Shops:
D:1 *   D:6 ::

Annotations:
D:4 exclusion: statue
D:7 2 transporters


Innate Abilities, Weirdness & Mutations

You are too large for most types of armour.
You have claws for hands.
Your natural rate of healing is unusually fast.
You are covered in fur. (AC +1)
You have tough skin. (AC +1)


Message History

A gnoll comes into view. It is wielding a +0 trident.
The iguana closely misses you. The gnoll sergeant misses you.
The iguana closely misses you. The gnoll closely misses you.
Items here: )) [[.
The gnoll sergeant hits you from afar with a +0 glaive!
* * * LOW HITPOINT WARNING * * *
The iguana bites you.
* * * LOW HITPOINT WARNING * * *
The gnoll barely misses you. The iguana closely misses you.
Things that are here:
a +0 spear; a +0 scale mail
Things that are here:
a +0 halberd; a +0 scale mail
There is an open door here.
You draw a card...
You have drawn the Orb.
Press: ? - help, Shift-Dir - straight line, f - gnoll sergeant
Aim: a gnoll sergeant, wielding a +0 glaive and wearing a +0 plate armour The wavering orb of destruction weakly hits the iguana!!
You blow up the iguana!
The gnoll sergeant hits you from afar with a +0 glaive!
* * * LOW HITPOINT WARNING * * *
You draw a card...
You have drawn Pain.
Press: ? - help, Shift-Dir - straight line, f/p - gnoll sergeant
Aim: a gnoll sergeant, wielding a +0 glaive and wearing a +0 plate armour The bolt of negative energy hits the gnoll sergeant!!
The gnoll sergeant is drained!
The gnoll sergeant is almost dead.
The gnoll sergeant hits you from afar with a +0 glaive.
* * * LOW HITPOINT WARNING * * *
You draw a card...
You have drawn Pain.
Press: ? - help, Shift-Dir - straight line, f/p - gnoll sergeant
Aim: a gnoll sergeant, wielding a +0 glaive and wearing a +0 plate armour (almost dead, lightly drained)
The gnoll sergeant hits you from afar with a +0 halberd!
You die...
Your body glows with a rainbow of weird colours and disappears.

#..≈.♣ #..≈.♣♣ #..≈..♣♣ #####
#..≈...♣ ##...## #..≈...♣
##..).)######..≈...♣♣
#.).)g)g#..)'.......♣♣♣#
....))..g8..g'@)))))....∩..∩#
....)#...g..g#...'.......♣♣♣#
.##' ##.....######..≈...♣♣ #.
##...## #..≈..♣♣ # #####
#..≈..♣ #..≈..♣ #..≈.♣♣
#..≈.♣


You could see 2 gnoll sergeants and 4 gnolls.

Vanquished Creatures
  Eustachio (D:5)
  A water moccasin (D:4)
  Purgy (Sewer)
  3 black bears
  An ice beast (D:7)
  A centaur (D:7)
  2 phantoms
  A wyvern zombie (D:6)
  5 gnoll sergeants (Bailey)
  3 scorpions
  6 killer bees (D:7)
  5 howler monkeys
  A bullfrog zombie (D:5)
  A centaur zombie (D:5)
  4 gnoll shamans
  6 hounds
  A bullfrog skeleton (D:5)
  2 centaur skeletons
  2 iguanas
  2 orc wizards
  2 killer bee zombies
  A howler monkey zombie (D:6)
  Robin (D:4)
  7 adders
  26 gnolls
  A howler monkey skeleton (D:7)
  An adder skeleton (D:4)
  6 worms (D:2)
  5 dart slugs
  18 orcs
  4 bats
  8 endoplasms
  5 giant cockroaches
  16 goblins
  11 hobgoblins
  9 jackals
  6 quokkas
  5 ball pythons (D:1)
  13 frilled lizards
  13 kobolds
  8 rats
215 creatures vanquished.

Vanquished Creatures (others)
  An orc (D:7)
  A kobold (Bailey)
  10 plants (D:1)
12 creatures vanquished.

Grand Total: 227 creatures vanquished

Notes
Turn   | Place    | Note
-------+----------+-------------------------------------------
     0 | D:1      | Migumi the Troll Monk began the quest for the Orb.
     0 | D:1      | Reached XP level 1. HP: 22/22 MP: 0/0
    81 | D:1      | Reached XP level 2. HP: 27/29 MP: 1/1
   154 | D:1      | Found a faded altar of an unknown god.
   159 | D:1      | Became a worshipper of Nemelex Xobeh the Trickster
   159 | D:1      | Reached * piety under Nemelex Xobeh
   159 | D:1      | Received a gift from Nemelex Xobeh
   159 | D:1      | Reached ** piety under Nemelex Xobeh
   320 | D:1      | Found Jeczas Heo's Assorted Antiques.
   324 | D:1      | Reached XP level 3. HP: 36/36 MP: 2/2
   401 | D:1      | Received a gift from Nemelex Xobeh
   712 | D:1      | Reached *** piety under Nemelex Xobeh
  1135 | D:2      | Reached XP level 4. HP: 44/44 MP: 3/3
  1286 | D:2      | Reached skill level 4 in Unarmed Combat
  2148 | D:3      | Reached XP level 5. HP: 52/52 MP: 4/4
  2461 | D:4      | Noticed Robin
  2487 | D:4      | Killed Robin
  2541 | D:4      | Found a radiant altar of Vehumet.
  2541 | D:4      | Noticed a charred statue
  2629 | D:4      | Reached skill level 5 in Unarmed Combat
  2641 | D:4      | Reached **** piety under Nemelex Xobeh
  2652 | D:4      | Found a blossoming altar of Fedhas.
  2759 | D:4      | Reached XP level 6. HP: 57/59 MP: 5/5
  2796 | D:4      | Received a gift from Nemelex Xobeh
  2845 | D:4      | Found a sparkling altar of Nemelex Xobeh.
  2967 | D:4      | Noticed a water moccasin
  2979 | D:4      | Killed a water moccasin
  2980 | D:4      | Reached skill level 6 in Unarmed Combat
  2980 | D:4      | Reached XP level 7. HP: 30/67 MP: 6/6
  3063 | D:4      | Found a staircase to the Ecumenical Temple.
  3633 | Temple   | Entered the Ecumenical Temple
  3762 | D:5      | Entered Level 5 of the Dungeon
  3785 | D:5      | Found a glowing drain.
  3795 | Sewer    | Entered a sewer
  3887 | Sewer    | Noticed Purgy
  3892 | Sewer    | Killed Purgy
  3893 | Sewer    | Reached skill level 7 in Unarmed Combat
  3916 | Sewer    | Received a gift from Nemelex Xobeh
  4018 | D:5      | Noticed Eustachio
  4035 | D:5      | Killed Eustachio
  4107 | D:5      | Reached XP level 8. HP: 55/75 MP: 7/7
  4390 | D:5      | Reached skill level 8 in Unarmed Combat
  4700 | D:6      | Received a gift from Nemelex Xobeh
  4700 | D:6      | Reached ***** piety under Nemelex Xobeh
  4787 | D:6      | Found Nyichouf's Book Shoppe.
  4919 | D:6      | Reached skill level 9 in Unarmed Combat
  5147 | D:6      | Found Faz Muff's Book Shoppe.
  5244 | D:7      | Reached XP level 9. HP: 84/84 MP: 8/8
  5265 | D:7      | Found a transporter.
  5460 | D:7      | Noticed a kobold demonologist
  5465 | D:7      | Noticed a kobold demonologist
  5472 | D:7      | Found a transporter.
  5607 | D:7      | Reached skill level 10 in Unarmed Combat
  5771 | D:7      | Received a gift from Nemelex Xobeh
  5789 | D:7      | Found a flagged portal.
  5798 | Bailey   | Entered a bailey
  5803 | Bailey   | Reached skill level 5 in Dodging
  5902 | Bailey   | Slain by a gnoll sergeant

Illustrated notes

Levels and vault maps discovered:
D:1:      wheals_arrival_linesprint, layout_basic, serial_shops,
          nicolae_shop_crystal, shapermc_ecumenical_altar_acropolis,
          minivault_25, minmay_lizard_king
D:2:      minmay_chambers_of_twos, layout_loops_ring,
          minmay_misc_feat_nine_boxes
D:3:      layout_rooms, st_stairs_5, grunt_ministairs_10,
          hangedman_abyss_or_decor_stabs
D:4:      layout_basic, vehumet_statue, nemelex_spade_bored_becter,
          mainiacjoe_overflow_surrounded_room, minmay_temple_entry_poolview,
          uniq_robin
D:5:      layout_loops_ring, portal_sewer_entry_d, minmay_misc_feat_plants,
          uniq_eustachio
D:6:      layout_cave_pools, serial_shops, shop, serial_gnoll_camp,
          gnoll_camp_mini_hut, gnoll_camp_mini_hut, gnoll_camp_mini_shop,
          gnoll_camp_mini_doghouse
D:7:      gammafunk_wand_slinger, layout_gridville, enter_bailey_7
Temple:   dshaligram_water_room_temple
Bailey:   bailey_polearm_gnolls_kennysheep, bailey

Skill      XL: |  1  2  3  4  5  6  7  8  9 |
---------------+----------------------------+-----
Unarmed Combat | 4 5 6 7 9 10 | 10.6
Dodging        | 3 4 5 |  5.2
Stealth        | 2 3 |  3.1
Fighting       | 3 4 |  4.3

Action                   |  1- 3 |  4- 6 |  7- 9 || total
-------------------------+-------+-------+-------++-------
Melee: Unarmed           |   110 |   138 |   206 ||   454
       Punch             |     2 |     1 |     7 ||    10
Invok: Draw Destruction  |       |     7 |    19 ||    26
 Stab: Sleeping          |     4 |     5 |     4 ||    13
       Distracted        |     1 |       |     1 ||     2
Armor: Robe              |    42 |    36 |    49 ||   127
Dodge: Dodged            |    42 |    79 |   138 ||   259
